 Dungeon Sprint DCSS version 0.30-a0-305-g026cb31310 (webtiles) character file.

Game seed: 4002793655312021886

17539 garrulousMonolith the Severer (level 12, -10/183 HPs)
             Began as a Hill Orc Fighter on Oct 22, 2022.
             Was the Champion of Beogh.
             Mangled by an orc knight
             ... wielding a +1 battleaxe
              (25 damage)
             ... in the Dungeon (Sprint VII: "The Pits").
             The game lasted 00:09:40 (3055 turns).

garrulousMonolith the Severer (Hill Orc Fighter)    Turns: 3055, Time: 00:09:41

Health: -10/183    AC: 24    Str: 20    XL:     12   Next: 49%
Magic:  20/24      EV: 10    Int: 12    God:    Beogh [******]
Gold:   0          SH:  7    Dex: 13    Spells: 11/11 levels left

rFire   . . .      SeeInvis .    t - +3 broad axe (freeze)
rCold   . . .      Faith    +    c - +0 buckler
rNeg    . . .      Spirit   .    v - +3 plate armour
rPois   .          Reflect  .    (no helmet)
rElec   .          Harm     .    (no cloak)
rCorr   .          Rampage  .    (no gloves)
Will    .....      NoTele   +    w - +0 pair of boots
Stlth   ..........               z - amulet of faith
HPRegen 0.50/turn                r - +3 ring of dexterity
MPRegen 0.19/turn                s - +3 ring of protection

@: berserking, very quick
A: walk on water
a: Renounce Religion, Smiting, Recall Orcish Followers, Give Item to Named
Follower, Resurrection


You were in the Dungeon.
You worshipped Beogh.
Beogh was exalted by your worship.
You visited 1 branch

Inventory:

Hand Weapons
 b - a +1 vorpal trident
 d - a +0 trident
 k - a +0 spear of venom
 m - a +0 halberd
 n - a +2 trident
 o - a +3 vorpal morningstar
 p - a +3 long sword of holy wrath
 t - a +3 broad axe of freezing (weapon)
 x - a +1 war axe of electrocution
Missiles
 a - 2 poisoned darts (quivered)
 G - 2 throwing nets
Armour
 c - a +0 buckler (worn)
 v - a +3 plate armour (worn)
 w - a +0 pair of boots (worn)
Magical Staves
 F - a staff of air
Jewellery
 r - a +3 ring of dexterity (left hand)
 s - a +3 ring of protection (right hand)
 z - an amulet of faith (around neck)
 C - a ring of see invisible
 D - a ring of positive energy
 E - a ring of fire
Scrolls
 j - 5 scrolls of blinking
 l - 5 scrolls of amnesia
 y - 7 scrolls of enchant armour
Potions
 e - 10 potions of curing
 f - 12 potions of heal wounds
 g - 2 potions of haste
 h - 4 potions of magic
 i - a potion of berserk rage
 q - a potion of mutation
 u - 2 potions of might
 A - a potion of cancellation
Miscellaneous
 B - a tin of tremorstones (2/2)


   Skills:
 + Level 15.7 Fighting
 - Level 18.0 Axes
 + Level 14.5 Armour
 + Level 11.0 Dodging
 + Level 14.5 Shields
 + Level 16.6 Invocations


You had 11 spell levels left.
You didn't know any spells.
Your spell library contained the following spells:

 Spells                   Type           Power      Damage    Failure   Level
 Magic Dart               Conj           0%         1d3       99%         1
 Searing Ray              Conj           0%         2d4       100%        2
 Fulminant Prism          Conj/Hex       0%         3d6       100%        4


Dungeon Overview and Level Annotations

Branches:
Dungeon (1/1)

Altars:
Ashenzari
Cheibriados
Dithmenos
Elyvilon
Fedhas
Gozag
Hepliaklqana
Kikubaaqudgha
Makhleb
Nemelex Xobeh
Okawaru
Qazlal
Ru
Sif Muna
Trog
Uskayaw
Vehumet
Wu Jian
Xom
Yredelemnul
Zin
The Shining One
Beogh
Jiyva
Lugonu


Message History

You hit the orc warlord. You freeze the orc warlord.
The orc warlord is lightly wounded.
You hit the orc knight. You freeze the orc knight.
You completely miss the orc knight.
The orc warlord hits you with a +3 long sword.
The orc knight hits you with a +1 battleaxe!!
The orc knight completely misses you.
You hit the orc knight. You freeze the orc knight.
The orc knight is heavily wounded.
You hit the orc warlord but do no damage.
You slice the orc knight!! You freeze the orc knight. You hit the orc warlord.
You hit the orc knight. You freeze the orc knight. You slash the orc knight!
You freeze the orc knight.
The orc knight is severely wounded.
You hit the orc knight. You slash the orc warlord!
You barely miss the orc knight. You slash the orc warlord!
You freeze the orc warlord.
The orc knight no longer looks unusually strong. x2
The orc warlord no longer looks unusually strong.
The orc warlord roars a battlecry!
The orcs go into a battle-frenzy!
The orc knight hits you with a +0 battleaxe!!
The orc knight hits you with a +1 battleaxe!
The orc knight hits you with a +0 war axe!!
* * * LOW HITPOINT WARNING * * *
The orc warlord hits you with a +3 long sword!!
* * * LOW HITPOINT WARNING * * *
You barely miss the orc warlord.
The orc warlord is lightly wounded.
You hit the orc warlord. You closely miss the orc knight.
You slash the orc knight! You freeze the orc knight.
You closely miss the orc knight. You closely miss the orc warlord.
The orc warlord is lightly wounded.
You completely miss the orc knight. You hit the orc knight.
You freeze the orc knight. You hit the orc knight. You slash the orc warlord!
You freeze the orc warlord.
The orc knight hits you with a +1 battleaxe!!
You die...
Beogh appreciates the orc knight's killing of a heretic priest.

+###############################+
...†)...............†............
...))...............†............
.##############''##############†[
.# #..oo@o..# #.. .# #..)ooo..#
#.. .# ####oo#### #.. .# ..o. #..
.# ..... #.. .# .)..... #.. .#
####..## #.. .# #### #.. .# #..


You could see 2 orc warlords and 7 orc knights.

Vanquished Creatures
  A minotaur (D)
  A great orb of eyes (D)
  A hydra (D)
  A catoblepas (D)
  A merfolk aquamancer (D)
  2 two-headed ogres (D)
  2 alligators (D)
  An orc high priest (D)
  A deep elf knight (D)
  2 deep trolls (D)
  A sea snake (D)
  A phantasmal warrior (D)
  A necromancer (D)
  An orc sorcerer (D)
  A cyclops (D)
  A deep elf zephyrmancer (D)
  A manticore (D)
  An elephant (D)
  A merfolk siren (D)
  A guardian serpent (D)
  A komodo dragon (D)
  A guardian mummy (D)
  A red devil (D)
  A merfolk (D)
  A tarantella (D)
  A polar bear (D)
  3 blink frogs (D)
  A water elemental (D)
  A wraith (D)
  A fire bat (D)
  A spriggan (D)
  A yak (D)
  An acid dragon (D)
  An orc warrior (D)
  A sky beast (D)
  An ice beast (D)
  A wolf (D)
  A centaur (D)
  A kobold brigand (D)
  A gnoll sergeant (D)
  A scorpion (D)
  10 killer bees (D)
  3 quasits (D)
  2 adders (D)
  4 gnolls (D)
  An adder skeleton (D)
  An orc (D)
  2 bats (D)
  2 bat skeletons (D)
  A bat zombie (D)
  A giant cockroach (D)
  2 ball pythons (D)
  A ball python skeleton (D)
  A ball python zombie (D)
  A jackal zombie (D)
  A quokka simulacrum (D)
79 creatures vanquished.

Vanquished Creatures (collateral kills)
  A vampire knight (D)
  A centaur warrior (D)
  A sixfirhy (D)
  A sea snake (D)
  2 orc knights (D)
  A cane toad (D)
  A merfolk (D)
  3 yaks (D)
  A water elemental (D)
  Duvessa (D)
  A black bear (D)
  Dowan (D)
  A killer bee (D)
  2 orc priests (D)
  A hell rat (D)
  Terence (D)
  A gnoll (D)
  An adder skeleton (D)
  An orc (D)
23 creatures vanquished.

Vanquished Creatures (others)
  4 orc knights (D)
  2 orc priests (D)
  6 orc warriors (D)
  4 orcs (D)
16 creatures vanquished.

Grand Total: 118 creatures vanquished

Notes
Turn   | Place    | Note
-------+----------+-------------------------------------------
     0 | D        | garrulousMonolith the Hill Orc Fighter began the quest for
                  | the Orb.
     0 | D        | Reached XP level 1. HP: 19/19 MP: 1/1
    16 | D        | Reached skill level 3 in Axes
    42 | D        | Found a glowing golden altar of the Shining One.
    42 | D        | Found a glowing silver altar of Zin.
    42 | D        | Found a basalt altar of Yredelemnul.
    42 | D        | Found a shimmering altar of Xom.
    42 | D        | Found an ornate altar of the Wu Jian Council.
    42 | D        | Found a bloodstained altar of Trog.
    42 | D        | Found a shimmering blue altar of Sif Muna.
    42 | D        | Found a sacrificial altar of Ru.
    42 | D        | Found a stormy altar of Qazlal.
    42 | D        | Found an iron altar of Okawaru.
    42 | D        | Found a sparkling altar of Nemelex Xobeh.
    42 | D        | Found a burning altar of Makhleb.
    42 | D        | Found a viscous altar of Jiyva.
    42 | D        | Found a hazy altar of Hepliaklqana.
    42 | D        | Found an opulent altar of Gozag.
    42 | D        | Found a blossoming altar of Fedhas.
    42 | D        | Found a white marble altar of Elyvilon.
    42 | D        | Found a shadowy altar of Dithmenos.
    42 | D        | Found a snail-covered altar of Cheibriados.
    43 | D        | Found a radiant altar of Vehumet.
    43 | D        | Found a corrupted altar of Lugonu.
    43 | D        | Found a roughly hewn altar of Beogh.
    44 | D        | Found a hide-covered altar of Uskayaw.
    44 | D        | Found an ancient bone altar of Kikubaaqudgha.
    44 | D        | Found a broken altar of Ashenzari.
    51 | D        | Became a worshipper of Beogh the Brigand
    73 | D        | Reached skill level 4 in Axes
    73 | D        | Reached skill level 1 in Dodging
    73 | D        | Reached skill level 1 in Invocations
    73 | D        | Reached XP level 2. HP: 18/27 MP: 1/3
   125 | D        | Reached * piety under Beogh
   143 | D        | Reached ** piety under Beogh
   144 | D        | Reached XP level 3. HP: 32/34 MP: 4/4
   210 | D        | Noticed a sky beast
   220 | D        | Killed a sky beast
   221 | D        | Reached skill level 5 in Fighting
   221 | D        | Reached skill level 7 in Axes
   221 | D        | Reached skill level 5 in Armour
   221 | D        | Reached skill level 5 in Shields
   221 | D        | Reached XP level 4. HP: 44/44 MP: 4/7
   221 | D        | Reached XP level 5. HP: 50/50 MP: 4/8
   268 | D        | Reached *** piety under Beogh
   269 | D        | Reached skill level 5 in Invocations
   302 | D        | Reached **** piety under Beogh
   303 | D        | Reached skill level 8 in Axes
   318 | D        | Noticed a polar bear
   324 | D        | Killed a polar bear
   325 | D        | Reached skill level 10 in Axes
   325 | D        | Reached XP level 6. HP: 60/60 MP: 9/11
   380 | D        | Reached XP level 7. HP: 66/66 MP: 12/12
   485 | D        | Noticed a phantasmal warrior
   489 | D        | HP: 3/66 [phantasmal warrior (19)]
   491 | D        | Killed a phantasmal warrior
   492 | D        | Reached skill level 12 in Axes
   492 | D        | Reached skill level 5 in Dodging
   492 | D        | Reached XP level 8. HP: 29/75 MP: 3/14
   937 | D        | Noticed a deep troll
   938 | D        | Noticed a cyclops
   945 | D        | Killed a cyclops
   945 | D        | Reached ***** piety under Beogh
   946 | D        | Reached skill level 13 in Axes
   948 | D        | Killed a deep troll
   949 | D        | Reached skill level 14 in Axes
   949 | D        | Reached skill level 10 in Invocations
   949 | D        | Reached XP level 9. HP: 47/85 MP: 14/16
   955 | D        | Reached skill level 10 in Fighting
   986 | D        | Reached skill level 15 in Axes
  1061 | D        | Noticed a komodo dragon
  1066 | D        | Killed a komodo dragon
  1066 | D        | Reached ****** piety under Beogh
  1069 | D        | Reached skill level 10 in Armour
  1069 | D        | Reached skill level 10 in Shields
  1118 | D        | Noticed a necromancer
  1118 | D        | Noticed a sea snake
  1118 | D        | Noticed a two-headed ogre
  1128 | D        | Killed a two-headed ogre
  1129 | D        | Reached skill level 16 in Axes
  1129 | D        | Reached XP level 10. HP: 96/96 MP: 18/18
  1130 | D        | Killed a sea snake
  1135 | D        | Killed a necromancer
  1173 | D        | Noticed an orc knight
  1182 | D        | Killed an orc knight
  1183 | D        | Reached skill level 17 in Axes
  1459 | D        | Noticed a merfolk siren
  1471 | D        | Killed a merfolk siren
  1510 | D        | Noticed a two-headed ogre
  1518 | D        | Killed a two-headed ogre
  1633 | D        | Noticed a sixfirhy
  1633 | D        | Noticed a guardian serpent
  1638 | D        | Killed a sixfirhy
  1639 | D        | Reached skill level 18 in Axes
  1639 | D        | Reached XP level 11. HP: 53/105 MP: 20/20
  1876 | D        | Noticed a deep elf knight
  1877 | D        | Noticed an alligator
  1883 | D        | Killed a deep elf knight
  1891 | D        | Killed an alligator
  1897 | D        | Noticed an alligator
  1906 | D        | Killed an alligator
  2042 | D        | Noticed Duvessa
  2042 | D        | Noticed Dowan
  2042 | D        | Noticed Terence
  2042 | D        | Noticed a manticore
  2042 | D        | Noticed a minotaur
  2046 | D        | Noticed an orc high priest
  2046 | D        | Noticed an orc knight
  2046 | D        | Killed Duvessa
  2047 | D        | Noticed an orc sorcerer
  2048 | D        | Killed Terence
  2054 | D        | Killed Dowan
  2067 | D        | Killed a manticore
  2070 | D        | Killed a minotaur
  2072 | D        | Killed an orc sorcerer
  2076 | D        | Killed an orc high priest
  2078 | D        | Killed an orc knight
  2406 | D        | Noticed a vampire knight
  2415 | D        | Killed a vampire knight
  2415 | D        | Gained Bogfrid as an ally
  2416 | D        | Reached skill level 10 in Dodging
  2416 | D        | Reached skill level 15 in Invocations
  2713 | D        | Noticed a deep elf zephyrmancer
  2713 | D        | Noticed a sea snake
  2718 | D        | Killed a deep elf zephyrmancer
  2718 | D        | Killed a sea snake
  2726 | D        | Noticed a four-headed hydra
  2734 | D        | Killed a four-headed hydra
  2735 | D        | Reached XP level 12. HP: 118/118 MP: 13/23
  2794 | D        | Noticed a merfolk aquamancer
  2800 | D        | Reached skill level 15 in Fighting
  2803 | D        | Killed a merfolk aquamancer
  2827 | D        | Noticed a catoblepas
  2833 | D        | Killed a catoblepas
  3039 | D        | Noticed a centaur warrior
  3039 | D        | Noticed an orc warlord
  3040 | D        | Noticed an orc warlord
  3040 | D        | Noticed a great orb of eyes
  3042 | D        | Killed a great orb of eyes
  3048 | D        | Killed a centaur warrior
  3049 | D        | Your ally Bogfrid died
  3055 | D        | Mangled by an orc knight

Illustrated notes

Levels and vault maps discovered:
D:        pitsprint [storerooms_1, entrance_room_1, metal_vault_5, armoury_2,
          mini_pit_1, grid_room_1, main_hall_1, silver_pit, the_coven_2,
          the_vestibule_1, steel_vault_4, golden_pit, hallway_of_sentries,
          crystal_vault_2, iron_vault_1, final_vault]

Skill      XL: |  1  2  3  4  5  6  7  8  9 10 11 12 |
---------------+-------------------------------------+-----
Axes           | 4 7 10 12 14 16 18 | 18.0
Fighting       | 4 5 7 8 9 11 12 14 15 | 15.7
Dodging        | 1 2 4 5 6 7 8 10 11 | 11.0
Invocations    | 1 2 4 6 7 8 10 11 12 15 16 | 16.6
Armour         | 4 5 6 7 9 10 11 13 14 | 14.5
Shields        | 4 5 6 7 9 10 11 13 14 | 14.5

Action                   |  1- 3 |  4- 6 |  7- 9 | 10-12 || total
-------------------------+-------+-------+-------+-------++-------
Melee: War axe           |    16 |       |       |       ||    16
       Morningstar       |    13 |    42 |     3 |       ||    58
       Broad axe         |       |       |    47 |   144 ||   191
Invok: Smiting           |       |       |     8 |     7 ||    15
       Resurrection      |       |       |       |     1 ||     1
       Give Item to Name |       |       |       |     1 ||     1
  Use: Potion            |       |     1 |     7 |     8 ||    16
       Scroll            |       |       |       |     3 ||     3
 Stab: Invisible         |       |       |     4 |     2 ||     6
       Distracted        |       |       |       |     1 ||     1
Armor: Scale mail        |    29 |       |       |       ||    29
       Chain mail        |     2 |    67 |    19 |       ||    88
       Plate armour      |       |       |    32 |    68 ||   100
Dodge: Dodged            |    28 |    39 |    31 |    55 ||   153
Block: Buckler           |    13 |    11 |    22 |    39 ||    85

Table legend: (Time is in decaauts)
 A = Elapsed time spent in this place.
 B = Non-inter-level travel time spent in this place.
 C = Inter-level travel time spent in this place.
 D = Time resting spent in this place.
 E = Time spent auto-exploring this place.
 F = Levels seen in this place.
 G = Mean time per level.
                   A        B        C        D        E       F      G
               +--------+--------+--------+--------+--------+-----+--------+
         Total |   3082 |   3080 |      2 |   2108 |      0 |   1 | 3082.0 |
       Dungeon |   3082 |   3080 |      2 |   2108 |      0 |   1 | 3082.0 |
               +--------+--------+--------+--------+--------+-----+--------+

Top non-repeatable levels by time:
       D: 3082 daAuts
